 Dungeon Crawl Stone Soup version 0.32-a0-913-g739538afd8 (webtiles) character file.

Game seed: 16310676824717931645

429 uglyjohn the Firebug (level 6, 0/67 HPs)
             Began as a Mountain Dwarf Fire Elementalist on Apr 9, 2024.
             Killed by an exploding orc priest (10 damage)
             ... ignited by their inner flame
             ... on level 5 of the Dungeon.
             The game lasted 00:14:04 (4826 turns).

uglyjohn the Firebug (MDFE)                         Turns: 4826, Time: 00:14:04

Health: 0/67       AC: 23    Str: 11    XL:     6   Next: 66%
Magic:  2/9        EV:  2    Int: 17    God:
Gold:   276        SH:  0    Dex: 10    Spells: 5/9 levels left

rFire   + . .        f - staff of fire
rCold   . . .        (no shield)
rNeg    . . .        h - melded +0 ring mail
rPois   +            k - melded +0 helmet
rElec   .            (cloak currently unavailable)
rCorr   .            (gloves currently unavailable)
SInv    .            (boots currently unavailable)
Will    .....        (no amulet)
Stlth   ++           (no ring)
HPRegen 0.31/turn    (no ring)
MPRegen 0.11/turn

%: no passive effects
@: tree-form
A: stationary, stasis, torment immunity, boosted hp, runic magic, artefact
enchanting
a: no special abilities


You were on level 5 of the Dungeon.
You were a tree.
You visited 1 branch of the dungeon, and saw 5 of its levels.

You collected 276 gold pieces.

Inventory:

Hand Weapons
 e - a +0 dagger
 s - a +0 quarterstaff
Armour
 h - a +0 ring mail (melded)
 k - a +0 helmet (melded)
Magical Staves
 f - a staff of fire (weapon)
Jewellery
 g - an amulet of reflection
 j - a ring of positive energy
 t - an amulet of regeneration
Scrolls
 a - a scroll of vulnerability {unknown}
 b - a scroll of enchant armour {unknown}
 d - 5 scrolls of identify
 i - a scroll of silence
Potions
 c - 4 potions of attraction
 l - a potion of degeneration {unknown}
 n - a potion of curing {unknown}
 o - a potion of cancellation {unknown}


   Skills:
 + Level 3.5 Armour
 - Level 1.3 Dodging
 - Level 1.4 Stealth
 - Level 2.2 Spellcasting
 + Level 3.1 Conjurations
 + Level 3.1 Necromancy
 + Level 5.4 Fire Magic


You had 5 spell levels left.
You knew the following spells:

 Your Spells              Type           Power      Damage    Failure   Level
a - Foxfire               Conj/Fire      96%        2x1d8     3%          1
b - Scorch                Fire           60%        2d7       3%          2
c - Necrotise             Necr           48%        1d6       5%          1

Your spell library contained the following spells:

 Spells                   Type           Power      Damage    Failure   Level
 Vampiric Draining        Necr           12%        2d6       16%         3
 Slow                     Hex            4%         N/A       19%         1
 Inner Flame              Hex/Fire       16%        N/A       19%         3
 Volatile Blastmotes      Fire/Tloc      32%        2d12      19%         3
 Flame Wave               Conj/Fire      24%        2d8       32%         4
 Confusing Touch          Hex            1%         N/A       50%         3
 Martyr's Knell           Necr/Summ      7%         N/A       69%         4
 Curse of Agony           Necr           12%        N/A       82%         5


Dungeon Overview and Level Annotations

Branches:
Dungeon (5/15)
 Temple: D:4-7

Altars:
Ashenzari
Makhleb
Sif Muna
Zin


Innate Abilities, Weirdness & Mutations

You are a tree.
Your roots penetrate the ground, keeping you stationary.
You cannot be teleported.
You are immune to unholy pain and torment.
Your maximum health is greatly increased.
Your equipment is partially melded.
Your spellcasting is much less encumbered by armour.
You can use scrolls of enchantment on lesser artefacts.


Message History

The orc hits you but does no damage.
The orc priest hits you but does no damage.
The orc priest hits you but does no damage.
The orc hits you but does no damage. The orc hits you but does no damage.
The orc priest hits you but does no damage.
The orc hits you but does no damage. The orc priest completely misses you.
Unknown command.
The orc priest hits you but does no damage.
The orc hits you but does no damage.
Unknown command.
Unknown command.
The orc completely misses you.
The orc priest shouts, "The Pantheon deserves no one's loyalty.
Let us show you the true path!"
The orc priest hits you with a +0 dagger.
* * * LOW HITPOINT WARNING * * *
This is a scroll of acquirement!
Something appears at your feet!
The orc priest hits you but does no damage.
The orc hits you but does no damage.
f - a staff of fire The orc hits you but does no damage.
The orc priest looks braver for a moment.
f - a staff of fire (weapon)
Okay, then.
Okay, then.
Casting: Scorch (safe; 3% risk of failure)
Confirm with . or Enter, or press ? or * to list all spells.
You feel a surge of power!
Flames lash the orc.
The orc explodes!
The fiery explosion engulfs Menkaure!!!
Menkaure is burned terribly!
The fiery explosion engulfs the orc!!
The orc explodes!
The fiery explosion engulfs the orc priest!!!
The fiery explosion engulfs you. You resist.
* * * LOW HITPOINT WARNING * * *
The fiery explosion engulfs the iguana!!!
The iguana explodes!
The orc priest explodes!
The fiery explosion engulfs you! You resist.
You die...

#.#
#.#
#.#
#.#
#.#
#.#
#.#
#.####
#..§♣#
####§#
§§§.
##§###
#.#
#..
...
###


There were no monsters in sight!

Vanquished Creatures
  Menkaure (D:5)
  A black bear (D:4)
  2 phantoms (D:4)
  3 bombardier beetles (D:4)
  An orc priest (D:5)
  An iguana (D:5)
  3 adders
  A ribbon worm (D:3)
  3 dart slugs
  7 orcs
  4 ball pythons
  7 endoplasms
  4 giant cockroaches
  2 goblins
  5 hobgoblins
  9 kobolds
  3 bats
  4 frilled lizards
  7 rats
68 creatures vanquished.

Vanquished Creatures (others)
  132 foxfires
132 creatures vanquished.

Grand Total: 200 creatures vanquished

Notes
Turn   | Place    | Note
-------+----------+-------------------------------------------
     0 | D:1      | uglyjohn the Mountain Dwarf Fire Elementalist began the
                  | quest for the Orb.
     0 | D:1      | Reached XP level 1. HP: 14/14 MP: 3/3
   223 | D:1      | Reached skill level 1 in Conjurations
   671 | D:1      | Reached XP level 2. HP: 20/20 MP: 1/5
  1360 | D:2      | Learned a level 2 spell: Scorch
  1517 | D:2      | Reached skill level 1 in Armour
  1611 | D:2      | Reached skill level 4 in Fire Magic
  1647 | D:2      | Identified the +1 short sword of Bael {flame, rPois rCorr}
  1774 | D:2      | Reached XP level 3. HP: 26/26 MP: 3/6
  1998 | D:3      | Learned a level 1 spell: Necrotise
  2055 | D:3      | Found a shimmering blue altar of Sif Muna.
  2218 | D:3      | Found a burning altar of Makhleb.
  2224 | D:3      | Found a glowing silver altar of Zin.
  2224 | D:3      | Noticed an angel
  2224 | D:3      | Noticed an Executioner
  2920 | D:3      | Found a faded altar of an unknown god.
  3052 | D:4      | Noticed a phantom
  3123 | D:4      | Reached skill level 1 in Necromancy
  3123 | D:4      | Reached XP level 4. HP: 23/33 MP: 4/7
  3377 | D:4      | Found a broken altar of Ashenzari.
  3381 | D:4      | Saw a vision of the Shoals and the Snake Pit.
  3381 | D:4      | Noticed a snapping turtle
  3381 | D:4      | Noticed a manticore
  3381 | D:4      | Noticed a merfolk siren
  3381 | D:4      | Noticed a merfolk
  3381 | D:4      | Noticed a merfolk siren
  3381 | D:4      | Noticed a sea snake
  3381 | D:4      | Noticed an anaconda
  3381 | D:4      | Noticed a naga
  3381 | D:4      | Noticed a naga mage
  3381 | D:4      | Noticed a naga ritualist
  3381 | D:4      | Noticed a naga mage
  3381 | D:4      | Noticed a black mamba
  3381 | D:4      | Noticed a mana viper
  3381 | D:4      | Noticed a skyshark
  3382 | D:4      | Noticed a naga
  3473 | D:4      | Noticed a black bear
  3495 | D:4      | Reached XP level 5. HP: 32/38 MP: 1/8
  3532 | D:4      | Killed a black bear
  3743 | D:4      | Reached skill level 5 in Fire Magic
  4008 | D:4      | Killed a phantom
  4009 | D:4      | Reached XP level 6. HP: 42/45 MP: 0/9
  4771 | D:5      | Entered Level 5 of the Dungeon
  4799 | D:5      | Noticed Menkaure
  4823 | D:5      | Identified a scroll of acquirement
  4823 | D:5      | Acquired a staff of fire
  4826 | D:5      | Killed Menkaure
  4826 | D:5      | Killed by an exploding orc priest... ignited by their inner
                  | flame

Illustrated notes

Levels and vault maps discovered:
D:1:      dpeg_arrival_circle_labyrinth_c, layout_loops_corners, minmay_cut_off
D:2:      layout_rooms, minmay_3d_cube
D:3:      wad_crossroads, layout_basic, grunt_temple_overflow_order_and_chaos_2,
          nicolae_sif_muna_condensation, shapermc_ecumenical_altar_petra
D:4:      minmay_inner_zag, layout_loops_ring, grunt_ashenzari_visionary
          [grunt_ashenzari_visionary_shoals, grunt_ashenzari_visionary_snake],
          kennysheep_generic_room_4
D:5:      layout_loops_ring, nicolae_wu_jian_immortal_techniques,
          mainiacjoe_overflow_catwalk, nicolae_overflow_hidden_temple,
          lemuel_coloured_pillars_altar, ebering_ghost_reflecting_pool,
          corner_web_ring, hangedman_abyss_or_decor_jellyfish_corner,
          uniq_prince_ribbit1, uniq_menkaure, uniq_grinder

Skill      XL: |  1  2  3  4  5  6 |
---------------+-------------------+-----
Conjurations   | 1 2 3 |  3.1
Spellcasting   | 2 |  2.2
Armour         | 1 2 3 |  3.5
Fire Magic     | 4 5 |  5.4
Necromancy     | 1 2 3 |  3.1
Dodging        | |  1.3
Stealth        | |  1.4

Action                     |  1- 3 |  4- 6 || total
---------------------------+-------+-------++-------
  Melee: Dagger            |    22 |       ||    22
         Quarterstaff      |     5 |    25 ||    30
   Cast: Foxfire           |    54 |    21 ||    75
         Necrotise         |     6 |     3 ||     9
         Scorch            |     3 |    21 ||    24
    Use: Scroll            |     1 |     5 ||     6
         Potion            |       |     5 ||     5
 Armour: Ring mail         |    38 |   100 ||   138
         Robe              |     3 |       ||     3
         Skin              |       |    28 ||    28
  Dodge: Dodged            |    28 |    50 ||    78

Table legend: (Time is in decaauts)
 A = Elapsed time spent in this place.
 B = Non-inter-level travel time spent in this place.
 C = Inter-level travel time spent in this place.
 D = Time resting spent in this place.
 E = Time spent auto-exploring this place.
 F = Levels seen in this place.
 G = Mean time per level.
                   A        B        C        D        E       F      G
               +--------+--------+--------+--------+--------+-----+--------+
         Total |   4847 |   4601 |    246 |    626 |   3352 |   5 |  969.4 |
       Dungeon |   4847 |   4601 |    246 |    626 |   3352 |   5 |  969.4 |
               +--------+--------+--------+--------+--------+-----+--------+

Top non-repeatable levels by time:
     D:4: 1704 daAuts
     D:1: 1288 daAuts
     D:3: 1095 daAuts
     D:2: 703 daAuts
     D:5: 55 daAuts
